[Event "ICC tourney 1904 (10 3)"]
[Site "Internet Chess Club"]
[Date "2020.07.05"]
[Round "1"]
[White "hursha6b5"]
[Black "mrneale"]
[Result "1-0"]
[ICCResult "Black resigns"]
[WhiteElo "1698"]
[BlackElo "1290"]
[Opening "Philidor: Improved Hanham variation"]
[ECO "B07"]
[NIC "VO.17"]
[Time "12:08:41"]
[TimeControl "600+3"]

1. e4 d6 2. d4 Nd7 3. Nf3 e5 4. Nc3 Ngf6 5. Bc4 Be7 6. O-O h6 7. Be3 c6 8.
a4 Qc7 9. Qd2 Nf8 10. dxe5 dxe5 11. Rad1 Ng6 12. Rfe1 Bg4 13. Kh1 O-O 14.
Bxh6 Bb4 15. Qg5 Be7 16. Qxg6 Nh5 17. Qxg4 g6 18. Qxg6+ {Black resigns} 1-0

[Event "ICC tourney 1904 (10 3)"]
[Site "Internet Chess Club"]
[Date "2020.07.05"]
[Round "1"]
[White "CheddarCheng1"]
[Black "Sricharan07"]
[Result "0-1"]
[ICCResult "White resigns"]
[WhiteElo "1373"]
[BlackElo "1563"]
[Opening "French: advance, Euwe variation"]
[ECO "C02"]
[NIC "FR.03"]
[Time "12:08:15"]
[TimeControl "600+3"]

1. e4 e6 2. d4 d5 3. e5 c5 4. c3 Nc6 5. Nf3 Bd7 6. a3 c4 7. Be2 Na5 8. Nbd2
Bc6 9. O-O Qd7 10. a4 Ne7 11. b4 cxb3 12. Nxb3 Bxa4 13. Nc5 Bxd1 14. Nxd7
Bxe2 15. Nxf8 Bxf1 16. Kxf1 Nb3 17. Rb1 Nxc1 18. Rxc1 Rxf8 19. Rb1 b6 20.
Ke2 Kd7 21. Kd3 h6 22. Nd2 Rfc8 23. c4 dxc4+ 24. Nxc4 Rxc4 25. Kxc4 Nd5 26.
g3 a6 27. Ra1 Kc6 28. h4 b5+ 29. Kd3 a5 30. Rc1+ Kd7 31. Rc5 b4 32. Rc1 a4
33. Rb1 a3 34. Kc4 Rc8+ 35. Kb3 Rc3+ 36. Ka2 Rc2+ 37. Ka1 Nc3 {White
resigns} 0-1

[Event "ICC tourney 1904 (10 3)"]
[Site "Internet Chess Club"]
[Date "2020.07.05"]
[Round "1"]
[White "mdbgaccp"]
[Black "Jeffchess"]
[Result "1-0"]
[ICCResult "Black checkmated"]
[WhiteElo "1566"]
[BlackElo "1293"]
[Opening "Owen defense"]
[ECO "B00"]
[NIC "VO.01"]
[Time "12:08:17"]
[TimeControl "600+3"]

1. e4 b6 2. d4 d6 3. Nf3 Bg4 4. Bc4 Bxf3 5. Qxf3 e6 6. Nc3 Nd7 7. Bb5 Be7 8.
Bf4 a6 9. Bc6 Rb8 10. O-O-O b5 11. Qg3 g6 12. e5 d5 13. h4 h5 14. Bg5 Bxg5+
15. hxg5 Ne7 16. Bxd7+ Qxd7 17. Qf3 Nf5 18. g4 Ng7 19. Qf6 Rh7 20. Ne2 Qe7
21. Nf4 Qxf6 22. exf6 Nf5 23. gxf5 gxf5 24. Rxh5 Rxh5 25. Nxh5 Kd7 26. Nf4
Rg8 27. Rg1 Kd6 28. g6 fxg6 29. Rxg6 Rf8 30. Nd3 a5 31. Nc5 c6 32. Rg7 e5
33. Rd7# {Black checkmated} 1-0

[Event "ICC tourney 1904 (10 3)"]
[Site "Internet Chess Club"]
[Date "2020.07.05"]
[Round "1"]
[White "JensenUVA"]
[Black "blackmanrook"]
[Result "0-1"]
[ICCResult "White resigns"]
[WhiteElo "1457"]
[BlackElo "1668"]
[Opening "Caro-Kann: advance variation"]
[ECO "B12"]
[NIC "CK.04"]
[Time "12:08:33"]
[TimeControl "600+3"]

1. e4 c6 2. d4 d5 3. e5 Bf5 4. h4 c5 5. g4 Bd7 6. dxc5 e6 7. Be3 Qc7 8. Qd4
Nc6 9. Qc3 Nxe5 10. Bf4 f6 11. Nf3 Nxf3+ 12. Qxf3 Qxc5 13. Qe2 Rc8 14. c3 e5
15. Be3 Qc7 16. Bxa7 Nh6 17. f3 b6 18. Qa6 Bc5 19. b4 Be3 20. Bxb6 Bxb6
{White resigns}
0-1

[Event "ICC tourney 1904 (10 3)"]
[Site "Internet Chess Club"]
[Date "2020.07.05"]
[Round "1"]
[White "JGroder"]
[Black "jojoraman"]
[Result "1-0"]
[ICCResult "Black checkmated"]
[WhiteElo "1458"]
[BlackElo "1194"]
[Opening "Ruy Lopez: exchange variation"]
[ECO "C68"]
[NIC "RL.08"]
[Time "12:08:40"]
[TimeControl "600+3"]

1. e4 e5 2. Nf3 Nc6 3. Bb5 a6 4. Bxc6 dxc6 5. h3 Bc5 6. O-O Bd6 7. d4 exd4
8. Qxd4 Nf6 9. e5 c5 10. Qd1 Ne4 11. exd6 Qxd6 12. Qxd6 Nxd6 13. Re1+ Be6
14. Ng5 Kd7 15. Nxe6 fxe6 16. b3 Rhf8 17. Bb2 g6 18. c4 Rf7 19. Nc3 Raf8 20.
f3 b6 21. Ne4 Nf5 22. Rad1+ Kc6 23. Ng5 Re7 24. Rxe6+ Rxe6 25. Nxe6 Re8 26.
Nd8+ Rxd8 27. Rxd8 Nd6 28. Rh8 h5 29. Rh6 g5 30. Rxh5 b5 31. cxb5+ axb5 32.
Rxg5 Nf7 33. Rg6+ Kb7 34. h4 Nd6 35. h5 Nf7 36. h6 Nxh6 37. Rxh6 c6 38. Re6
Kb6 39. Re1 b4 40. f4 Kb5 41. f5 c4 42. f6 c3 43. Bc1 c2 44. Re2 c5 45. f7
Ka5 46. f8=Q Kb5 47. Rxc2 Ka5 48. Qxc5+ Ka6 49. Qxb4 Ka7 50. Rc5 Ka8 51.
Ra5# {Black checkmated} 1-0

[Event "ICC tourney 1904 (10 3)"]
[Site "Internet Chess Club"]
[Date "2020.07.05"]
[Round "1"]
[White "ivo20"]
[Black "IndianTerritory"]
[Result "0-1"]
[ICCResult "White resigns"]
[WhiteElo "1347"]
[BlackElo "1644"]
[Opening "Caro-Kann: Hillbilly attack"]
[ECO "B10"]
[NIC "CK.01"]
[Time "12:08:13"]
[TimeControl "600+3"]

1. e4 c6 2. Bc4 d5 3. exd5 cxd5 4. Bb3 Nf6 5. Nc3 d4 6. Nce2 Nc6 7. Nf3 Bg4
8. h3 Bxf3 9. gxf3 e6 10. d3 Bb4+ 11. Bd2 Bxd2+ 12. Qxd2 O-O 13. O-O-O Kh8
14. Rhg1 Rc8 15. Rg2 Qe7 16. Rdg1 Rg8 17. Ng3 b5 18. Ne4 Ne5 19. Nxf6 Qxf6
20. f4 Nf3 21. Qe2 Nxg1 22. Rxg1 a5 23. a3 Qxf4+ 24. Kb1 Qh2 25. Qf1 b4 26.
axb4 axb4 27. Ba4 Rc5 28. b3 Rgc8 29. c4 dxc3 30. Kc2 Rf5 31. Rg2 Qxh3 32.
Bb5 Rxb5 33. Rg3 Qxf1 {White resigns} 0-1

[Event "ICC tourney 1904 (10 3)"]
[Site "Internet Chess Club"]
[Date "2020.07.05"]
[Round "1"]
[White "christopherelam"]
[Black "steinutz"]
[Result "0-1"]
[ICCResult "White checkmated"]
[WhiteElo "1340"]
[BlackElo "1623"]
[Opening "Modern defense"]
[ECO "A40"]
[NIC "QO.17"]
[Time "12:08:41"]
[TimeControl "600+3"]

1. d4 g6 2. Bf4 Bg7 3. e3 Nf6 4. Be2 d6 5. c3 O-O 6. h4 h5 7. f3 Nd5 8. Bg5
f6 9. Bf4 Nxf4 10. exf4 e5 11. fxe5 fxe5 12. g4 exd4 13. cxd4 Qf6 14. gxh5
gxh5 15. Nc3 Qxd4 16. Qxd4 Bxd4 17. Bc4+ Kh8 18. Nge2 Be5 19. Nd5 Na6 20.
Bxa6 bxa6 21. Nxc7 Rb8 22. Nd5 Rxb2 23. Rc1 Bb7 24. Ne7 Bxf3 25. Rg1 Rxe2+
26. Kf1 Bg4+ 27. Nf5 Rxf5# {White checkmated} 0-1

[Event "ICC tourney 1904 (10 3)"]
[Site "Internet Chess Club"]
[Date "2020.07.05"]
[Round "1"]
[White "tigerche207"]
[Black "imranchamp"]
[Result "1-0"]
[ICCResult "Black checkmated"]
[WhiteElo "1482"]
[BlackElo "1316"]
[Opening "Sicilian: Pelikan, Chelyabinsk variation"]
[ECO "B33"]
[NIC "SI.37"]
[Time "12:08:27"]
[TimeControl "600+3"]

1. e4 c5 2. Nf3 Nc6 3. d4 cxd4 4. Nxd4 Nf6 5. Nc3 e5 6. Ndb5 d6 7. Bg5 a6 8.
Na3 b5 9. Nd5 Be7 10. Bxf6 Bxf6 11. c3 O-O 12. h4 g6 13. h5 Bg7 14. hxg6
fxg6 15. Nc2 Ne7 16. a4 Bb7 17. Nce3 Nxd5 18. Nxd5 Qd7 19. Nb6 Qf7 20. f3
Rad8 21. axb5 axb5 22. Bxb5 d5 23. Ra7 dxe4 24. Qxd8 Rxd8 25. Bc4 Bd5 26.
Bxd5 Rxd5 27. Rxf7 Rb5 28. Rb7 exf3 29. gxf3 Rxb2 30. Rb8+ Kf7 31. Rb7+ Kf6
32. Nd5+ Ke6 33. Nc7+ Kf5 34. Rxb2 e4 35. Rxh7 exf3 36. Rxg7 f2+ 37. Kxf2 g5
38. Rb8 g4 39. Rf8+ Ke5 40. Re7+ Kd6 41. Re6+ Kxc7 42. Rf7+ Kd8 43. Ra6 g3+
44. Kg1 Ke8 45. Rb7 g2 46. Ra8# {Black checkmated} 1-0

[Event "ICC tourney 1904 (10 3)"]
[Site "Internet Chess Club"]
[Date "2020.07.05"]
[Round "1"]
[White "ChessMonkey123"]
[Black "persianking"]
[Result "1/2-1/2"]
[ICCResult "Game drawn by repetition"]
[WhiteElo "1413"]
[BlackElo "1546"]
[Opening "Scandinavian: Pytel-Wade variation"]
[ECO "B01"]
[NIC "SD.02"]
[Time "12:08:20"]
[TimeControl "600+3"]

1. e4 d5 2. exd5 Qxd5 3. Nc3 Qd6 4. d4 Nf6 5. h3 Bf5 6. Nf3 c6 7. Bc4 e6 8.
O-O Nbd7 9. Re1 Be7 10. b3 h6 11. Bb2 O-O 12. a4 a6 13. Ba3 c5 14. dxc5 Qxd1
15. Raxd1 Bxc5 16. Bxc5 Nxc5 17. Nd4 Bg6 18. Rd2 Rfd8 19. Red1 Nce4 20. Nxe4
Nxe4 21. Rd3 Kh8 22. Nf3 Rxd3 23. Bxd3 Rd8 24. Re1 Nc5 25. Bxg6 fxg6 26. Ne5
Rd2 27. Nxg6+ Kh7 28. Nf8+ Kg8 29. Nxe6 Nxe6 30. Rxe6 Rxc2 31. Re7 b5 32.
axb5 axb5 33. Re5 Rc1+ 34. Kh2 Rc2 35. f3 g5 36. Rxb5 Kg7 37. Rb7+ Kg6 38.
b4 h5 39. Rb6+ Kf5 40. b5 h4 41. Rb8 Kf4 42. b6 Ke3 43. b7 Kf2 44. Re8 Kf1
45. b8=Q Rxg2+ 46. Kh1 Rg1+ 47. Kh2 Rg2+ 48. Kh1 Rg1+ 49. Kh2 Rg2+ 50. Kh1
Rg1+ 51. Kh2 Rg2+ 52. Kh1 Rg1+ 53. Kh2 Rg2+ 54. Kh1 {Game drawn by
repetition} 1/2-1/2

[Event "ICC tourney 1904 (10 3)"]
[Site "Internet Chess Club"]
[Date "2020.07.05"]
[Round "1"]
[White "oxdidi"]
[Black "Ben2008"]
[Result "1-0"]
[ICCResult "Black resigns"]
[WhiteElo "1123"]
[BlackElo "1246"]
[Opening "Sicilian"]
[ECO "B50"]
[NIC "SI.01"]
[Time "12:09:08"]
[TimeControl "600+3"]

1. e4 c5 2. Nf3 d6 3. Bc4 e6 4. O-O Nf6 5. d3 Nc6 6. c3 Be7 7. Re1 O-O 8. d4
cxd4 9. cxd4 Qc7 10. Nc3 a6 11. Bb3 b5 12. a3 Bb7 13. Bc2 Rfd8 14. Bg5 h6
15. Bh4 Nh5 16. Bxe7 Qxe7 17. d5 Nb8 18. Qd3 Nf6 19. Rad1 e5 20. Nh4 Nh5 21.
Nf5 Qg5 22. h4 Qg4 23. f3 Qf4 24. Ne2 {Black resigns} 1-0

[Event "ICC tourney 1904 (10 3)"]
[Site "Internet Chess Club"]
[Date "2020.07.05"]
[Round "1"]
[White "babu12020"]
[Black "Mitochondria"]
[Result "0-1"]
[ICCResult "White resigns"]
[WhiteElo "1196"]
[BlackElo "1194"]
[Opening "King's Indian: Smyslov system"]
[ECO "E61"]
[NIC "KI.76"]
[Time "12:08:19"]
[TimeControl "600+3"]

1. d4 Nf6 2. c4 g6 3. Nc3 Bg7 4. Nf3 d6 5. Bg5 O-O 6. e3 c5 7. Be2 Bg4 8.
O-O Nbd7 9. h3 Bxf3 10. Bxf3 a6 11. Bxb7 Ra7 12. Bf3 cxd4 13. exd4 Re8 14.
Rb1 Qa5 15. Be3 Rc7 16. Be2 Qb6 17. a3 Qb8 18. b4 Nb6 19. c5 Nbd5 20. Nxd5
Nxd5 21. cxd6 exd6 22. Qd2 Nc3 23. Rbc1 Nxe2+ 24. Qxe2 Rec8 25. Rxc7 Rxc7
26. Qxa6 Rc2 27. Qd3 Qc7 28. a4 Rc3 29. Qb5 Qe7 30. Qb8+ Bf8 31. Bh6 Rc4 32.
Bxf8 Qxf8 33. Qxf8+ Kxf8 34. Rb1 Ke8 35. a5 Kd8 36. b5 Kc8 37. a6 Kb8 38. b6
Ra4 39. a7+ Kb7 40. Re1 Kxb6 41. Re7 Rxa7 42. Rxa7 Kxa7 43. Kf1 Kb6 44. Ke2
Kb5 45. Kd3 d5 46. Kc3 f5 47. f3 f4 48. h4 h6 49. Kb3 g5 50. hxg5 hxg5 51.
Ka3 Kc4 52. Kb2 Kxd4 53. Kc2 Ke3 {White resigns} 0-1

[Event "ICC tourney 1904 (10 3)"]
[Site "Internet Chess Club"]
[Date "2020.07.05"]
[Round "1"]
[White "chesslead"]
[Black "Lock5"]
[Result "1-0"]
[ICCResult "Black resigns"]
[WhiteElo "1543"]
[BlackElo "1313"]
[Opening "Sicilian: Najdorf, 7...Be7"]
[ECO "B98"]
[NIC "SI.09"]
[Time "12:08:19"]
[TimeControl "600+3"]

1. e4 c5 2. Nf3 d6 3. d4 cxd4 4. Nxd4 Nf6 5. Nc3 a6 6. Bg5 e6 7. f4 Be7 8.
Qf3 h6 9. Bh4 Nbd7 10. O-O-O O-O 11. g4 Rb8 12. Rg1 Nc5 13. e5 dxe5 14. Nxe6
Qb6 15. Bxf6 Qxe6 16. Bxe7 Qxe7 17. Nd5 Qe6 18. g5 hxg5 19. fxg5 b5 20. Qh5
Nd7 21. g6 fxg6 22. Rxg6 Nf6 23. Nxf6+ Rxf6 24. Rxf6 gxf6 25. Qg6+ Kf8 26.
Rd8+ {Black resigns} 1-0

[Event "ICC tourney 1904 (10 3)"]
[Site "Internet Chess Club"]
[Date "2020.07.05"]
[Round "1"]
[White "HenriVZ"]
[Black "DrKnight01"]
[Result "1-0"]
[ICCResult "Black resigns"]
[WhiteElo "1498"]
[BlackElo "1317"]
[Opening "King's pawn game"]
[ECO "C50"]
[NIC "IG.03"]
[Time "12:08:20"]
[TimeControl "600+3"]

1. e4 e5 2. Nf3 Nc6 3. Bc4 h6 4. c3 d6 5. d4 exd4 6. cxd4 a6 7. Nc3 Bg4 8.
Be3 Bxf3 9. Qxf3 Nf6 10. O-O Be7 11. Qg3 g6 12. Rad1 Nh5 13. Qf3 Rh7 14.
Bxh6 Qd7 15. Be3 O-O-O 16. Nd5 Rdh8 17. Nxe7+ Qxe7 18. h3 g5 19. Qf5+ Kb8
20. Qxg5 Rg7 21. Qxe7 Nxe7 22. Kh2 Rhg8 23. g4 Nf6 24. f4 Nxe4 25. f5 Rh7
26. Rf4 Nf6 27. Rg1 Ned5 28. Bxd5 Nxd5 29. Rf3 Nxe3 30. Rxe3 f6 31. Re6 Rh6
32. g5 Rh5 33. Rxf6 Rhxg5 34. Rxg5 Rxg5 35. Rf8+ Ka7 36. f6 Rf5 37. f7
{Black resigns}
1-0

[Event "ICC tourney 1904 (10 3)"]
[Site "Internet Chess Club"]
[Date "2020.07.05"]
[Round "1"]
[White "xiaow"]
[Black "Chessmasterrus"]
[Result "0-1"]
[ICCResult "White resigns"]
[WhiteElo "1379"]
[BlackElo "1511"]
[Opening "Caro-Kann defense"]
[ECO "B10"]
[NIC "CK.01"]
[Time "12:08:39"]
[TimeControl "600+3"]

1. e4 c6 2. Nf3 d5 3. exd5 cxd5 4. d4 Nc6 5. h3 Nf6 6. Bd3 Bd7 7. O-O e6 8.
Bf4 h6 9. Nc3 Nh5 10. Bh2 Be7 11. Ne5 Nf6 12. Nxd7 Qxd7 13. Ne2 Nb4 14. c3
Nxd3 15. Qxd3 O-O 16. Be5 Rac8 17. Qg3 g6 18. Qf4 g5 19. Qf3 Nh7 20. Qh5 f6
21. Bh2 Kg7 22. f4 Qe8 23. Qg4 f5 24. Qf3 Qg6 25. fxg5 hxg5 26. Be5+ Bf6 27.
Bxf6+ Nxf6 28. Nc1 g4 29. Qf4 gxh3 30. Rf2 Rh8 31. Nd3 h2+ 32. Kh1 Nh5 33.
Ne5 Ng3+ {White resigns} 0-1

[Event "ICC tourney 1904 (10 3)"]
[Site "Internet Chess Club"]
[Date "2020.07.05"]
[Round "1"]
[White "BobbyFissure"]
[Black "Sanyi9Pakh"]
[Result "1-0"]
[ICCResult "Black resigns"]
[WhiteElo "1456"]
[BlackElo "1557"]
[Opening "R?ti: Nimzovich-Larsen attack"]
[ECO "A06"]
[NIC "QP.09"]
[Time "12:08:32"]
[TimeControl "600+3"]

1. Nf3 d5 2. b3 Nf6 3. Bb2 g6 4. g3 Bg7 5. Bg2 O-O 6. O-O b6 7. d4 Bb7 8.
Nbd2 Nbd7 9. Re1 c5 10. dxc5 bxc5 11. e3 Re8 12. Ne5 Qc7 13. Ndf3 Rad8 14.
Nxd7 Qxd7 15. Ne5 Qc7 16. Qf3 Ba8 17. Qf4 Nh5 18. Qxf7+ Kh8 19. Qe6 Bxe5
{Black resigns}
1-0

[Event "ICC tourney 1904 (10 3)"]
[Site "Internet Chess Club"]
[Date "2020.07.05"]
[Round "1"]
[White "MIEMBR"]
[Black "MonkeyTown"]
[Result "1/2-1/2"]
[ICCResult "Game drawn by repetition"]
[WhiteElo "1577"]
[BlackElo "1351"]
[Opening "Catalan: closed, main line"]
[ECO "E09"]
[NIC "QP.08"]
[Time "12:08:31"]
[TimeControl "600+3"]

1. d4 d5 2. Nf3 Nf6 3. g3 e6 4. Bg2 c6 5. O-O Be7 6. c4 O-O 7. Qc2 Nbd7 8.
Nbd2 Re8 9. e4 dxe4 10. Nxe4 Nxe4 11. Qxe4 Nf6 12. Qe2 Qb6 13. Rd1 Bd7 14.
b3 Rad8 15. Bb2 Qa6 16. Bf1 Qb6 17. Ne5 Bc8 18. Rac1 Qa6 19. Bc3 Ba3 20. Rc2
Be7 21. Rcd2 Qb6 22. Bg2 Bb4 23. Bxb4 Qxb4 24. g4 h6 25. h4 Qf8 26. g5 hxg5
27. hxg5 Nd7 28. Rd3 Nxe5 29. Qxe5 Qd6 30. Qe2 Qf4 31. Qd2 Qxd2 32. R1xd2
Kf8 33. f4 Ke7 34. Kf2 Rh8 35. Rh3 Rxh3 36. Bxh3 Rh8 37. Kg3 Rd8 38. b4 a6
39. a4 Bd7 40. a5 Bc8 41. Bg4 Bd7 42. Bf3 Be8 43. Rd1 Kf8 44. d5 exd5 45.
cxd5 cxd5 46. Rxd5 Rxd5 47. Bxd5 Bc6 48. Bc4 Ke7 49. f5 Be4 50. Kf4 Bc6 51.
Bd3 f6 52. g6 Kd6 53. Bc4 Kc7 54. Ke3 Kd6 55. Kd4 Ba4 56. Be6 Bb5 57. Bc8
Bc6 58. Be6 Bb5 59. Bc8 Bc6 60. Be6 Bb5 {Game drawn by repetition} 1/2-1/2

[Event "ICC tourney 1904 (10 3)"]
[Site "Internet Chess Club"]
[Date "2020.07.05"]
[Round "1"]
[White "andrewhzhang"]
[Black "krishghosh"]
[Result "1-0"]
[ICCResult "Black checkmated"]
[WhiteElo "1583"]
[BlackElo "1168"]
[Opening "Giuoco Piano"]
[ECO "C54"]
[NIC "IG.02"]
[Time "12:08:27"]
[TimeControl "600+3"]

1. e4 e5 2. Nf3 Nc6 3. Bc4 Bc5 4. c3 Nf6 5. d3 h6 6. a4 a5 7. O-O d6 8. h3
Be6 9. Bxe6 fxe6 10. Qb3 Rb8 11. Qxe6+ Qe7 12. Qb3 Qf7 13. Qxf7+ Kxf7 14.
Nbd2 Rhf8 15. Nc4 Rbd8 16. Bd2 d5 17. Ncxe5+ Kg8 18. Nxc6 bxc6 19. e5 Nd7
20. Rfe1 Rfe8 21. d4 Bf8 22. b4 axb4 23. cxb4 Rb8 24. Rab1 Nb6 25. a5 Nc4
26. Bc3 Na3 27. Rb3 Nc2 28. Reb1 Rb7 29. R1b2 Na1 30. Ra3 Reb8 31. Rxa1 Bxb4
32. Bxb4 Rxb4 33. Rxb4 Rxb4 34. a6 Rb8 35. Nh4 Kf7 36. Nf5 h5 37. g4 g6 38.
Ne3 Ke6 39. f4 Kf7 40. f5 hxg4 41. hxg4 Kg7 42. a7 Ra8 43. Kf2 Kf7 44. Kf3
g5 45. Nc2 Ke7 46. Nb4 Kd7 47. f6 Ke8 48. Nxc6 Kf7 49. Rb1 Ke6 50. Rb8 Rxa7
51. Nxa7 Kf7 52. Rc8 Ke6 53. Nb5 Kf7 54. Rxc7+ Ke6 55. Re7# {Black
checkmated} 1-0

[Event "ICC tourney 1904 (10 3)"]
[Site "Internet Chess Club"]
[Date "2020.07.05"]
[Round "1"]
[White "squaling"]
[Black "hackerguru"]
[Result "0-1"]
[ICCResult "White checkmated"]
[WhiteElo "1261"]
[BlackElo "1388"]
[Opening "Sicilian defense"]
[ECO "B30"]
[NIC "SI.31"]
[Time "12:08:22"]
[TimeControl "600+3"]

1. e4 c5 2. Nf3 Nc6 3. c3 Nf6 4. e5 Nd5 5. d4 cxd4 6. cxd4 d6 7. Bc4 Nb6 8.
Bb3 dxe5 9. dxe5 Qxd1+ 10. Bxd1 Bg4 11. Bf4 e6 12. O-O Be7 13. Nbd2 O-O 14.
h3 Bf5 15. Bb3 Rad8 16. Nc4 Nxc4 17. Bxc4 Be4 18. Ng5 Bd3 19. Bxd3 Rxd3 20.
Nf3 Rfd8 21. Rac1 h6 22. Bg3 Kh7 23. Kh2 g5 24. b3 h5 25. Rc4 h4 26. Nxh4
gxh4 27. Bxh4 Bxh4 28. Rxh4+ Kg7 29. Rg4+ Kf8 30. h4 Nxe5 31. Rg5 f6 32. Rh5
Kg7 33. f4 Kg6 34. fxe5 Kxh5 35. exf6 Kxh4 36. f7 Rf8 37. Rf4+ Kg5 38. g3
Rd7 39. Kh3 Rdxf7 40. Rg4+ Kf6 41. Rf4+ Ke7 42. Rb4 Kd6 43. Rd4+ Ke5 44. Rh4
Rf1 45. Rh5+ R8f5 46. g4 Rh1+ 47. Kg3 Rhxh5 48. gxh5 Rxh5 49. Kg4 Rf5 50. a3
Rf1 51. b4 Ra1 52. b5 Rxa3 53. b6 axb6 54. Kh4 Kf5 55. Kh5 Rh3#
{White checkmated}
0-1

[Event "ICC tourney 1904 (10 3)"]
[Site "Internet Chess Club"]
[Date "2020.07.05"]
[Round "1"]
[White "kralj8"]
[Black "MagnumPI"]
[Result "1-0"]
[ICCResult "Black resigns"]
[WhiteElo "1508"]
[BlackElo "1181"]
[Opening "Sicilian: closed"]
[ECO "B23"]
[NIC "SI.44"]
[Time "12:08:20"]
[TimeControl "600+3"]

1. e4 c5 2. Nc3 e6 3. Nf3 d5 4. exd5 exd5 5. d4 Nf6 6. Bg5 Be7 7. Be2 O-O 8.
O-O c4 9. Re1 Re8 10. h3 a6 11. a4 Nc6 12. Ne5 h6 13. Bh4 Be6 14. Bf3 Nh7
15. Bxe7 Rxe7 16. Qd2 f6 17. Ng6 Re8 18. Rxe6 Rxe6 19. Bxd5 Ng5 20. h4 Nf7
21. Bxe6 Qd6 22. d5 Ne5 23. Nxe5 Qxe5 24. Re1 Qd6 25. Bxf7+ Kxf7 26. Ne4 Qf8
27. d6 Rd8 28. Qd5+ Kg6 29. Re3 f5 30. Ng3 f4 31. Re6+ Kh7 32. Qe4+ Kg8 33.
Nf5 g6 34. Rxg6+ Kh7 35. Rxh6+ Kg8 36. Qe6+ Qf7 37. Rh8+ Kxh8 38. Qxf7
{Black resigns}
1-0

[Event "ICC tourney 1904 (10 3)"]
[Site "Internet Chess Club"]
[Date "2020.07.05"]
[Round "1"]
[White "NamanSingh283"]
[Black "gardemarin13"]
[Result "1-0"]
[ICCResult "Black resigns"]
[WhiteElo "1645"]
[BlackElo "1736"]
[Opening "English: symmetrical variation"]
[ECO "A37"]
[NIC "EO.28"]
[Time "12:08:22"]
[TimeControl "600+3"]

1. c4 c5 2. g3 g6 3. Nf3 Nc6 4. Bg2 Bg7 5. Nc3 d6 6. a3 e5 7. d3 Nge7 8. O-O
O-O 9. Bd2 h6 10. Ne1 Be6 11. b4 cxb4 12. axb4 d5 13. b5 Nd4 14. e3 Ndf5 15.
cxd5 Bd7 16. Qb3 Nd6 17. Nf3 f5 18. d4 e4 19. Ne5 Be8 20. Rfb1 Qb6 21. Bf1
Bf7 22. Nd7 Qd8 23. Nxf8 Bxf8 24. b6 a6 25. Ra5 Nc6 26. Rc5 Nb5 27. Bxb5
Bxc5 28. Bxc6 {Black resigns} 1-0

[Event "ICC tourney 1904 (10 3)"]
[Site "Internet Chess Club"]
[Date "2020.07.05"]
[Round "1"]
[White "Priccchess"]
[Black "Nacaroa-Dan"]
[Result "0-1"]
[ICCResult "White resigns"]
[WhiteElo "1498"]
[BlackElo "1566"]
[Opening "Scandinavian defense"]
[ECO "B01"]
[NIC "SD.03"]
[Time "12:08:40"]
[TimeControl "600+3"]

1. e4 d5 2. exd5 Nf6 3. Nc3 Nxd5 4. Nxd5 Qxd5 5. Nf3 Nc6 6. Be2 Bf5 7. d3
O-O-O 8. Be3 e5 9. a3 h6 10. h4 e4 11. dxe4 Qxe4 12. Bd3 Qe6 13. Qe2 Bxd3
14. cxd3 Bd6 15. O-O g5 16. h5 Qg4 17. g3 Qxh5 18. Nd4 Qxe2 19. Nxe2 Rhe8
20. Rfe1 Ne5 21. Kg2 Nxd3 22. Red1 Nxb2 23. Rh1 Bf8 24. Nd4 Nc4 25. Nf5
Nxe3+ 26. Nxe3 Rd2 27. Ng4 Re6 28. Rhe1 Rdd6 29. a4 Bg7 30. Rad1 f5 31. Ne3
Rxd1 32. Rxd1 f4 33. gxf4 gxf4 34. Nf5 Bf8 35. Kf3 Ra6 36. Re1 Kd7 37. Re4
Rf6 38. Kxf4 Bd6+ 39. Kg4 Rg6+ 40. Kh5 Rg5+ 41. Kxh6 Rxf5 {White resigns}
0-1

[Event "ICC tourney 1904 (10 3)"]
[Site "Internet Chess Club"]
[Date "2020.07.05"]
[Round "1"]
[White "TheOrcaPro"]
[Black "StevChess01"]
[Result "0-1"]
[ICCResult "White resigns"]
[WhiteElo "1476"]
[BlackElo "1325"]
[Opening "Sicilian: O'Kelly variation"]
[ECO "B28"]
[NIC "SI.43"]
[Time "12:08:19"]
[TimeControl "600+3"]

1. e4 c5 2. Nf3 a6 3. d4 cxd4 4. Nxd4 Nf6 5. Nc3 e5 6. Nf3 Bb4 7. Qd3 O-O 8.
Nxe5 Re8 9. Bf4 d6 10. Rd1 Qc7 11. f3 dxe5 12. Be3 Bxc3+ 13. bxc3 Nc6 14.
Be2 Be6 15. c4 Rad8 16. Qc3 Rxd1+ 17. Bxd1 Qa5 18. Qxa5 Nxa5 19. c5 Bxa2 20.
Be2 Be6 21. Kf2 Nc4 22. Bc1 Na5 23. g4 h6 24. h4 Nd7 25. Be3 Nc4 26. Bc1
Nxc5 27. g5 h5 28. Kg3 b5 29. Kf2 Rd8 30. Rg1 Na4 31. f4 Nc3 32. Bxh5 Nxe4+
33. Kf3 Ned2+ 34. Kf2 exf4 35. g6 f6 36. Re1 Bc8 37. Rd1 a5 38. Ke2 a4 39.
Bxd2 Rxd2+ 40. Rxd2 Nxd2 41. Kxd2 a3 42. Kc3 b4+ {White resigns} 0-1

[Event "ICC tourney 1904 (10 3)"]
[Site "Internet Chess Club"]
[Date "2020.07.05"]
[Round "1"]
[White "harrislencz"]
[Black "SamLightning"]
[Result "1-0"]
[ICCResult "Black forfeits on time"]
[WhiteElo "1482"]
[BlackElo "1316"]
[Opening "Sicilian: accelerated fianchetto, Breyer variation"]
[ECO "B39"]
[NIC "SI.43"]
[Time "12:08:23"]
[TimeControl "600+3"]

1. e4 c5 2. Nf3 g6 3. d4 cxd4 4. Nxd4 Bg7 5. c4 Nc6 6. Be3 Nf6 7. Nc3 Ng4 8.
Qxg4 Nxd4 9. Qd1 Nc6 10. Be2 O-O 11. O-O d6 12. f4 e6 13. Qd2 Qa5 14. f5
exf5 15. exf5 Bxf5 16. Qxd6 Rfe8 17. Nd5 Be5 18. Qc5 {Black forfeits on
time} 1-0

[Event "ICC tourney 1904 (10 3)"]
[Site "Internet Chess Club"]
[Date "2020.07.05"]
[Round "1"]
[White "Benranger2011"]
[Black "CastledQueen"]
[Result "1-0"]
[ICCResult "Black checkmated"]
[WhiteElo "1469"]
[BlackElo "1486"]
[Opening "King's Indian, 3.Nf3"]
[ECO "E60"]
[NIC "KI.80"]
[Time "12:08:40"]
[TimeControl "600+3"]

1. d4 Nf6 2. c4 g6 3. Nf3 d6 4. e3 c6 5. Nc3 Bg7 6. g3 O-O 7. Bg2 Re8 8. O-O
Qc7 9. Re1 Nbd7 10. e4 e5 11. dxe5 dxe5 12. Bg5 h6 13. Bxf6 Nxf6 14. Qc2 Be6
15. b3 Rad8 16. Rad1 Rd7 17. Na4 b6 18. c5 b5 19. Nc3 b4 20. Na4 Red8 21.
Rd2 Qb7 22. Red1 Ne8 23. Qb2 f6 24. a3 Nc7 25. axb4 Nb5 26. Nc3 Nd4 27. Nxd4
exd4 28. Ne2 f5 29. exf5 Bxf5 30. Nxd4 Rxd4 31. Rxd4 Re8 32. Qd2 Kh7 33. Rd8
Re7 34. Qd6 Re6 35. Qb8 Qf7 36. R8d7 Qxd7 37. Rxd7 Re1+ 38. Bf1 Bxd7 39. Kg2
Be6 40. Qxa7 Rb1 41. Qb6 Bd5+ 42. Kg1 Rxb3 43. h4 Rb1 44. Qa6 Rxb4 45. Kh2
Rb2 46. g4 Rxf2+ 47. Kg3 Rxf1 48. Qxf1 Be5+ 49. Kf2 Bd4+ 50. Ke1 Bxc5 51.
Qe2 Bd6 52. Kd2 Bf4+ 53. Kc3 Kg7 54. Qe7+ Bf7 55. g5 h5 56. Qf6+ Kg8 57.
Qxf4 Kg7 58. Qc7 Kf8 59. Qxc6 Kg7 60. Kd4 Kg8 61. Ke5 Kg7 62. Qf6+ Kg8 63.
Qd8+ Kg7 64. Qe7 Kg8 65. Kf6 Bc4 66. Qg7# {Black checkmated} 1-0

[Event "ICC tourney 1904 (10 3)"]
[Site "Internet Chess Club"]
[Date "2020.07.05"]
[Round "1"]
[White "Mueffling"]
[Black "Chessplayer44"]
[Result "0-1"]
[ICCResult "White resigns"]
[WhiteElo "1319"]
[BlackElo "1562"]
[Opening "Queen's pawn"]
[ECO "A40"]
[NIC "QO.17"]
[Time "12:08:26"]
[TimeControl "600+3"]

1. d4 e6 2. Bf4 f5 3. e3 Nf6 4. Bd3 g6 5. Nd2 Bg7 6. g4 O-O 7. Be5 Nxg4 8.
Bxg7 Kxg7 9. e4 Qh4 10. Qe2 Nxf2 11. Qxf2 Qxf2+ 12. Kxf2 fxe4+ 13. Ke3 exd3
14. Kxd3 b6 15. Ne2 Bb7 16. Rhg1 c5 17. h4 Nc6 18. dxc5 bxc5 19. h5 Rf5 20.
Ng3 Nb4+ 21. Kc4 Rg5 22. Rad1 a6 23. Nb3 Nxc2 24. Rxd7+ Kh6 25. Rxb7 gxh5
26. Nxc5 Ne3+ 27. Kd4 Nc2+ 28. Kc4 Rc8 29. b4 Rg4+ 30. Kb3 Nd4+ 31. Kc3
Rxg3+ 32. Rxg3 Ne2+ 33. Kd3 Nxg3 34. Nxe6 h4 35. Rg7 Rc6 36. Rxg3 hxg3 37.
Ke3 Rxe6+ 38. Kf3 Rg6 {White resigns} 0-1